 Dungeon Sprint DCSS version 0.26-a0-720-g2a1d101370 (webtiles) character file.

Game seed: 6655041508438366750

32163 mhtbhm the Executioner (level 13, -1/145 HPs)
             Began as a Minotaur Berserker on Nov 3, 2020.
             Was the Champion of Trog.
             Succumbed to a naga warrior's splash of poison
             ... in the Dungeon (Sprint VII: "The Pits").
             The game lasted 00:09:39 (4666 turns).

mhtbhm the Executioner (Minotaur Berserker)         Turns: 4666, Time: 00:09:39

Health: -1/145     AC: 23    Str: 30    XL:     13   Next: 29%
Magic:  12/12      EV: 15    Int:  4    God:    Trog [******]
Gold:   54         SH:  5    Dex: 10    Spells: 12/12 levels left

rFire    . . .     SeeInvis .   a - +6 executioner's axe
rCold    . . .     Faith    .   (shield currently unavailable)
rNeg     . . .     Spirit   .   b - +4 chain mail
rPois    .         Reflect  +   (helmet restricted)
rElec    .         Harm     .   (no cloak)
rCorr    .         Rampage  .   n - +0 pair of gloves
MR       .....     NoTele   +   (no boots)
Stlth    ..........             u - amulet of reflection
HPRegen  0.34/turn              l - +3 ring of strength
MPRegen  0.13/turn              m - +3 ring of protection

@: lethally poisoned (-1 -> -32), berserk cooldown, very slightly contaminated,
hasted and slowed, studying Armour, invisible
A: retaliatory headbutt, horns 2
a: Berserk, Trog's Hand, Brothers in Arms, Renounce Religion


You were in the Dungeon.
You worshipped Trog.
Trog was exalted by your worship.
You visited 1 branch You collected 54 gold pieces.

Inventory:

Hand Weapons
 a - a +6 executioner's axe (weapon)
Armour
 b - a +4 chain mail (worn)
 n - a +0 pair of gloves (worn)
Jewellery
 l - a +3 ring of strength (left hand)
 m - a +3 ring of protection (right hand)
 t - an uncursed ring of see invisible
 u - an amulet of reflection (around neck)
 w - an uncursed ring of protection from fire
Scrolls
 h - 2 scrolls of blinking
 j - 4 scrolls of remove curse
 k - a scroll of summoning
 o - 3 scrolls of fog
 p - a scroll of fear
 q - 3 scrolls of enchant armour
 r - 2 scrolls of enchant weapon
 v - 2 scrolls of identify
Potions
 c - 10 potions of curing
 d - 16 potions of heal wounds
 e - 4 potions of haste
 f - 4 potions of magic
 g - 5 potions of berserk rage
 i - a potion of invisibility
 s - a potion of stabbing
Books
 x - a manual of Armour


   Skills:
 + Level 21.9 Fighting
 + Level 24.9 Axes
 + Level 18.0 Armour
 + Level 12.2 Dodging
 + Level 3.9 Stealth


You had 12 spell levels left.
You didn't know any spells.
Your spell library was empty.

Dungeon Overview and Level Annotations

Branches:
Dungeon (1/1)

Altars:


Innate Abilities, Weirdness & Mutations

You reflexively headbutt those who attack you in melee.
You have a pair of horns on your head.


Message History

The orc knight hits your stone giant with a +0 long sword!!
Items here: ( )) [[ †.
You feel a strong urge to attack something.
* * * LOW HITPOINT WARNING * * *
You feel sick.
The yaktaur captain shouts!
Your stone giant hits the orc knight.
You block the vault guard's attack.
The orc knight hits you with a +2 long sword.
* * * LOW HITPOINT WARNING * * *
Items here: )))) [[[ †.
* * * LOW HITPOINT WARNING * * *
You feel very sick.
Your stone giant hits the orc knight.
The orc knight hits your stone giant with a +0 long sword!!
Things that are here:
a +1 great mace of draining; a +0 plate armour You feel your anger nearly subside.
You are no longer berserk.
You are exhausted.
You feel yourself slow down.
You die...

.+ #' .+ #. '# #'
'###############################'
..)..............................
.................................
.##############)†##############..
.# #..)†..# #.. .# #..)@..# #..
.# #.T))..# . #.. .#
...###CT###.... #.. .#
.....DooNpN..... #.. .#
.....c.3........ #.. .#
.N####....####.. #.. .# #....#
#.. .# ##..## #.. ## #### #++


You could see a naga warrior (catching breath), a yaktaur captain (wandering), a
vault guard, 2 orc knights, a sun demon, a friendly iron troll (summoned,
berserk), a friendly stone giant (summoned, berserk) and a friendly deep troll
(summoned, berserk).

Vanquished Creatures
  2 Brimstone Fiends (D)
  A sphinx (D)
  A daeva (D)
  A reaper (D)
  An ophan (D)
  A dire elephant (D)
  Josephine (D)
  A hydra (D)
  A vault guard (D)
  A death yak (D)
  A sun demon (D)
  A shadow wraith (D)
  A flayed ghost (D)
  A spriggan druid (D)
  A sea snake (D)
  A deep troll (D)
  A necromancer (D)
  A manticore (D)
  6 orc knights (D)
  A merfolk siren (D)
  A guardian serpent (D)
  A black mamba (D)
  2 cane toads (D)
  An orange demon (D)
  A hellion (D)
  A rime drake (D)
  A freezing wraith (D)
  2 snapping turtles (D)
  5 blink frogs (D)
  6 dream sheep (D)
  A bog body (D)
  A flying skull (D)
  A spriggan (D)
  2 tarantellas (D)
  4 redbacks (D)
  6 yaks (D)
  A wyvern (D)
  4 wraiths (D)
  A ynoxinul (D)
  A water elemental (D)
  A basilisk (D)
  A chaos spawn (D)
  A neqoxec (D)
  A fire elemental (D)
  2 wargs (D)
  3 hell hounds (D)
  A swamp drake (D)
  An ice beast (D)
  An orc warrior (D)
  A sky beast (D)
  An ogre (D)
  3 centaurs (D)
  A necrophage (D)
  A big kobold (D)
  3 wights (D)
  A quasit (D)
  2 jellies (D)
  An orc wizard (D)
  2 orc priests (D)
  2 iron imps (D)
  An iguana (D)
  A worker ant (D)
  Terence (D)
  3 mummies (D)
  A river rat (D)
  A white imp (D)
  An ufetubus (D)
  An adder zombie (D)
  2 adder skeletons (D)
  2 leopard geckos (D)
  4 orcs (D)
  A bat skeleton (D)
  3 giant cockroaches (D)
  A goblin (D)
  A hobgoblin (D)
  4 jackals (D)
  A quokka (D)
  A ball python skeleton (D)
  2 frilled lizards (D)
  A leopard gecko skeleton (D)
  A quokka simulacrum (D)
  2 rats (D)
135 creatures vanquished.

Vanquished Creatures (collateral kills)
  An orc warlord (D)
  An alligator snapping turtle (D)
  2 orc knights (D)
  2 hell hounds (D)
6 creatures vanquished.

Vanquished Creatures (others)
  An orc warlord (D)
1 creature vanquished.

Grand Total: 142 creatures vanquished

Notes
Turn   | Place    | Note
-------+----------+-------------------------------------------
     0 | D        | mhtbhm the Minotaur Berserker began the quest for the Orb.
     0 | D        | Reached XP level 1. HP: 19/19 MP: 0/0
    49 | D        | Reached skill level 4 in Axes
    49 | D        | Reached ** piety under Trog
    59 | D        | Reached XP level 2. HP: 16/28 MP: 1/1
   194 | D        | Noticed a centaur
   196 | D        | Reached *** piety under Trog
   196 | D        | Reached skill level 5 in Fighting
   196 | D        | Reached skill level 5 in Axes
   198 | D        | Reached **** piety under Trog
   202 | D        | Killed a centaur
   202 | D        | Reached skill level 7 in Axes
   202 | D        | Reached XP level 3. HP: 31/40 MP: 2/2
   202 | D        | Reached XP level 4. HP: 37/48 MP: 3/3
   348 | D        | Noticed a flying skull
   348 | D        | Noticed Terence
   350 | D        | Noticed a warg
   352 | D        | Reached skill level 8 in Axes
   352 | D        | Reached XP level 5. HP: 53/53 MP: 4/4
   357 | D        | Reached ***** piety under Trog
   358 | D        | Killed a flying skull
   358 | D        | Reached skill level 10 in Fighting
   358 | D        | Reached skill level 10 in Axes
   358 | D        | Reached XP level 6. HP: 62/66 MP: 5/5
   360 | D        | Reached skill level 5 in Armour
   362 | D        | Killed Terence
   367 | D        | Received a gift from Trog
   368 | D        | Killed a warg
   368 | D        | Reached skill level 11 in Axes
   591 | D        | Noticed a black mamba
   593 | D        | Killed a black mamba
   593 | D        | Reached skill level 12 in Axes
   593 | D        | Reached XP level 7. HP: 59/77 MP: 6/6
   798 | D        | Received a gift from Trog
   865 | D        | Noticed a ynoxinul
   872 | D        | Killed a ynoxinul
   872 | D        | Reached skill level 13 in Axes
   872 | D        | Reached XP level 8. HP: 78/85 MP: 7/7
  1019 | D        | Noticed an orange demon
  1020 | D        | Noticed a cane toad
  1024 | D        | Killed an orange demon
  1024 | D        | Received a gift from Trog
  1029 | D        | Killed a cane toad
  1029 | D        | Reached skill level 14 in Axes
  1198 | D        | Killed a shadow wraith
  1198 | D        | Reached skill level 15 in Axes
  1198 | D        | Reached skill level 10 in Dodging
  1198 | D        | Reached XP level 9. HP: 90/94 MP: 8/8
  1214 | D        | Noticed a flayed ghost
  1224 | D        | Killed a flayed ghost
  1224 | D        | Reached ****** piety under Trog
  1224 | D        | Reached skill level 16 in Axes
  1224 | D        | Reached skill level 1 in Stealth
  1226 | D        | Received a gift from Trog
  1433 | D        | Reached skill level 10 in Armour
  1742 | D        | Noticed a manticore
  1751 | D        | Killed a manticore
  1751 | D        | Reached skill level 17 in Axes
  1751 | D        | Reached XP level 10. HP: 104/104 MP: 9/9
  1977 | D        | Received a gift from Trog
  1984 | D        | Noticed an eight-headed hydra
  1996 | D        | Killed a 14-headed hydra
  1996 | D        | Reached skill level 15 in Fighting
  1996 | D        | Reached skill level 18 in Axes
  2006 | D        | Received a gift from Trog
  2083 | D        | Noticed a necromancer
  2095 | D        | Killed a necromancer
  2095 | D        | Received a gift from Trog
  2224 | D        | Noticed a death yak
  2224 | D        | Noticed a deep troll
  2227 | D        | Reached skill level 19 in Axes
  2234 | D        | Killed a deep troll
  2234 | D        | Reached XP level 11. HP: 72/114 MP: 10/10
  2234 | D        | Killed a death yak
  2239 | D        | Received a gift from Trog
  2422 | D        | Noticed Josephine
  2425 | D        | Received a gift from Trog
  2425 | D        | Reached skill level 20 in Axes
  2436 | D        | Killed Josephine
  2436 | D        | Received a gift from Trog
  2753 | D        | Received a gift from Trog
  2776 | D        | Received a gift from Trog
  2855 | D        | Reached skill level 21 in Axes
  2863 | D        | Noticed a sea snake
  2870 | D        | Received a gift from Trog
  2881 | D        | Killed a sea snake
  3607 | D        | Noticed a sun demon
  3607 | D        | Noticed a sphinx
  3607 | D        | Noticed a dire elephant
  3607 | D        | Noticed a daeva
  3611 | D        | Killed a sun demon
  3611 | D        | Received a gift from Trog
  3611 | D        | Killed a sphinx
  3611 | D        | Reached skill level 15 in Armour
  3611 | D        | Reached XP level 12. HP: 130/130 MP: 11/11
  3616 | D        | Killed a dire elephant
  3616 | D        | Reached skill level 22 in Axes
  3619 | D        | Received a gift from Trog
  3625 | D        | Killed a daeva
  3982 | D        | Noticed a Brimstone Fiend
  3989 | D        | Killed a Brimstone Fiend
  4051 | D        | Noticed a reaper
  4056 | D        | Killed a reaper
  4056 | D        | Reached skill level 23 in Axes
  4344 | D        | Noticed an ophan
  4349 | D        | Killed an ophan
  4405 | D        | Noticed a Brimstone Fiend
  4410 | D        | Killed a Brimstone Fiend
  4640 | D        | Noticed an alligator snapping turtle
  4641 | D        | Noticed an orc warlord
  4642 | D        | Noticed an orc warlord
  4642 | D        | Received a gift from Trog
  4646 | D        | Noticed a vault guard
  4647 | D        | Reached XP level 13. HP: 141/143 MP: 12/12
  4647 | D        | Reached skill level 24 in Axes
  4649 | D        | Received a gift from Trog
  4651 | D        | Killed an orc warlord
  4658 | D        | Noticed a bone dragon
  4661 | D        | Killed an orc warlord
  4662 | D        | Received a gift from Trog
  4663 | D        | HP: 10/217 [naga warrior/splash of poison (12)]
  4664 | D        | HP: 4/217 [orc knight/+2 long sword (1)]
  4665 | D        | HP: 1/217 [poisoned by a naga warrior (splash of poison)]
  4666 | D        | Succumbed to a naga warrior's splash of poison

Illustrated notes

Levels and vault maps discovered:
D:        pitsprint [storerooms_1, entrance_room_1, metal_vault_4, armoury_1,
          mini_pit_1, grid_room_1, main_hall_1, silver_pit, the_coven_1,
          the_vestibule_1, steel_vault_2, golden_pit, hallway_of_sentries,
          crystal_vault_4, iron_vault_4, final_vault]

Skill      XL: |  1  2  3  4  5  6  7  8  9 10 11 12 13 |
---------------+----------------------------------------+-----
Fighting       | 4 7 8 10 12 13 14 16 19 21 | 21.9
Axes           | 4 7 8 10 12 13 15 17 19 21 23 24 | 24.9
Armour         | 3 4 6 7 9 10 12 15 17 18 | 18.0
Dodging        | 4 6 8 10 11 12 | 12.2
Stealth        | 1 2 3 |  3.9

Action                   |  1- 3 |  4- 6 |  7- 9 | 10-12 | 13-15 || total
-------------------------+-------+-------+-------+-------+-------++-------
Melee: Hand axe          |    20 |    17 |       |       |       ||    37
       Headbutt          |     5 |     5 |    10 |    28 |     2 ||    50
       Broad axe         |       |     3 |    63 |   112 |       ||   178
       Executioner's axe |       |       |       |    39 |    11 ||    50
Invok: Berserk           |     1 |     1 |     1 |     9 |       ||    12
       Brothers in Arms  |       |       |       |     3 |       ||     3
  Use: Potion            |       |       |       |     2 |       ||     2
 Stab: Invisible         |       |       |       |       |     9 ||     9
Armor: Animal skin       |     2 |       |       |       |       ||     2
       Ring mail         |       |     4 |     7 |       |       ||    11
       Chain mail        |       |       |    29 |    88 |     2 ||   119
Dodge: Dodged            |    22 |    14 |    33 |   104 |     6 ||   179
Block: Other             |       |       |       |    11 |     2 ||    13

Table legend: (Time is in decaauts)
 A = Elapsed time spent in this place.
 B = Non-inter-level travel time spent in this place.
 C = Inter-level travel time spent in this place.
 D = Time resting spent in this place.
 E = Time spent auto-exploring this place.
 F = Levels seen in this place.
 G = Mean time per level.
                   A        B        C        D        E       F      G
               +--------+--------+--------+--------+--------+-----+--------+
         Total |   4705 |   4705 |      0 |   3548 |      0 |   1 | 4705.0 |
       Dungeon |   4705 |   4705 |      0 |   3548 |      0 |   1 | 4705.0 |
               +--------+--------+--------+--------+--------+-----+--------+

Top non-repeatable levels by time:
       D: 4705 daAuts
